 Dungeon Crawl Stone Soup version 0.31-a0-691-g409c26aa35 (webtiles) character file.

Game seed: 16221590846325910793

8269 Dirtsage the Grappler (level 11, -1/109 HPs)
             Began as a Troll Shapeshifter on Sept 7, 2023.
             Was a Believer of Uskayaw.
             Slain by a manticore (11 damage)
             ... on level 10 of the Dungeon.
             The game lasted 00:18:54 (8043 turns).

Dirtsage the Grappler (Troll Shapeshifter)          Turns: 8043, Time: 00:18:55

Health: -1/109     AC:  4    Str: 24    XL:     11   Next: 7%
Magic:  13/13      EV:  9    Int:  8    God:    Uskayaw [**....]
Gold:   137        SH:  0    Dex: 11    Spells: 6/10 levels left

rFire   + .          .
                       - Unarmed
rCold   + . .        (no shield)
rNeg    + . .        x - +0 robe of Qoefanta {rC+ rN+ Will+ Archmagi}
rPois   .            (helmet currently unavailable)
rElec   .            (cloak currently unavailable)
rCorr   .            (gloves unavailable)
SInv    .            (boots unavailable)
Will    +....        I - amulet of the acrobat
Stlth   +            s - +4 ring of slaying
HPRegen 1.18/turn    F - ring of protection from fire
MPRegen 0.13/turn

%: acrobat, archmagi
@: beast-form
A: beast (slay +4), large, unfitting armour, claws 3, regeneration 1, shaggy fur
1, tough skin 1
a: Begin Untransformation, Renounce Religion, Stomp, Line Pass


You were on level 10 of the Dungeon.
You worshipped Uskayaw.
Uskayaw was noncommittal.
You were a hulking beast.
You visited 2 branches of the dungeon, and saw 11 of its levels.
You also visited: Ossuary.

You collected 525 gold pieces.
You spent 388 gold pieces at shops.

Inventory:

Armour
 a - a +0 animal skin
 x - the +0 robe of Qoefanta (worn) {rC+ rN+ Will+ Archmagi}
   (You found it on level 4 of the Dungeon)

   rC+:       It protects you from cold.
   rN+:       It protects you from negative energy.
   Will+:     It increases your willpower.
   Archmagi:  It increases the power of your magical spells.
 C - a +2 hat
 K - +0 acid dragon scales
Jewellery
 s - a +4 ring of slaying (left claw)
 B - a ring of fire
 F - a ring of protection from fire (right claw)
 I - an amulet of the acrobat (around neck)
Talismans
 c - a beast talisman (active)
 d - a flux talisman
 p - a blade talisman
 r - a maw talisman
Wands
 y - a wand of mindburst (9)
 E - a wand of charming (10)
 H - a wand of flame (17)
 M - a wand of polymorph (2)
Scrolls
 e - a scroll of summoning
 f - 4 scrolls of immolation
 i - a scroll of identify
 j - 2 scrolls of amnesia
 m - 2 scrolls of vulnerability
 n - a scroll of fog
 t - 7 scrolls of teleportation
 v - 3 scrolls of poison
 w - 2 scrolls of noise
 z - a scroll of enchant weapon {unknown}
 D - a scroll of revelation {unknown}
 J - a scroll of torment {unknown}
Potions
 b - 2 potions of lignification
 g - a potion of brilliance {unknown}
 h - 3 potions of haste
 k - 6 potions of curing {unknown}
 l - 2 potions of heal wounds
 o - 6 potions of enlightenment {unknown}
 q - a potion of attraction {unknown}
 u - 4 potions of mutation {unknown}
 A - 3 potions of might {unknown}
 G - a potion of magic {unknown}
 L - a potion of cancellation {unknown}


   Skills:
 + Level 7.6 Fighting
 - Level 1.5 Dodging
 + Level 9.5 Unarmed Combat
 * Level 5.6 Translocations
 + Level 4.6 Invocations
 - Level 7.3 Shapeshifting


You had 6 spell levels left.
You knew the following spells:

 Your Spells              Type           Power      Damage    Failure   Level
a - Manifold Assault      Tloc           13%        N/A       41%         4

Your spell library contained the following spells:

 Spells                   Type           Power      Damage    Failure   Level
 Apportation              Tloc           26%        N/A       4%          1
 Blink                    Tloc           26%        N/A       7%          2
 Lesser Beckoning         Tloc           26%        N/A       7%          2
 Gell's Gravitas          Tloc           13%        N/A       13%         3
 Teleport Other           Tloc           13%        N/A       13%         3
 Necrotise                Necr           0%         1d4       41%         1
 Summon Small Mammal      Summ           0%         N/A       41%         1


Dungeon Overview and Level Annotations

Branches:
Dungeon (10/15)            Temple (1/1) D:7            Lair (0/5) D:8
Ossuary (visited)
    Orc: D:9-12

Altars:
Ashenzari
Cheibriados
Dithmenos
Elyvilon
Fedhas
Gozag
Hepliaklqana
Kikubaaqudgha
Makhleb
Nemelex Xobeh
Okawaru
Qazlal
Ru
Sif Muna
Trog
Uskayaw
Vehumet
Wu Jian
Xom
Yredelemnul
Zin
The Shining One

Shops:
D:2 :   D:5 (   D:7 :(((   D:8 !

Annotations:
D:9 3 runed translucent doors


Innate Abilities, Weirdness & Mutations

You are a hulking beast.
Your limbs bulge with bestial killing power. (Slay +4)
You are too large for most types of armour.
You have claws for hands.
Your natural rate of healing is unusually fast.
You are covered in fur. (AC +1)
You have tough skin. (AC +1)


Message History

The manticore bites you!!
The manticore claws you but does no damage.
The manticore claws you!
You take 29 damage, and have 80/109 hp.
MASSIVE DAMAGE!!
You scratch the manticore.
The manticore is lightly wounded.
The manticore closely misses you. The manticore claws you.
The manticore barely misses you.
You scratch the manticore.
The manticore is lightly wounded.
The manticore bites you! The manticore claws you.
The manticore barely misses you.
You take 14 damage, and have 66/109 hp.
You are too injured to fight recklessly!
You are too injured to fight recklessly!
You claw the manticore!
The manticore is moderately wounded.
The manticore bites you. The manticore claws you. The manticore claws you!
You take 19 damage, and have 47/109 hp.
You scratch the manticore.
The manticore is moderately wounded.
You closely miss the manticore.
The manticore is moderately wounded.
The manticore bites you! The manticore barely misses you.
The manticore claws you!
* * * LOW HITPOINT WARNING * * *
You take 24 damage, and have 24/109 hp.
MASSIVE DAMAGE!!
You claw the manticore!
The manticore is severely wounded.
The manticore closely misses you. The manticore claws you.
* * * LOW HITPOINT WARNING * * *
The manticore closely misses you.
You can now pass through a line of other dancers.
You take 2 damage, and have 22/109 hp.
You claw the manticore!
The manticore is almost dead.
The manticore bites you!
* * * LOW HITPOINT WARNING * * *
The manticore barely misses you. The manticore claws you!
You die...

#..# ######.######## #..##
#..# ..# #..## ## #.#
####### ####+###### #.'.'.#[
#.........##### ###.###..
#.........#....
#.'.).#...####.........'.###
###.###...Hh.'.........###
#.'.).#...####.........#
###.###.. ###'#######
#_'.'.## #..# ###.###
##.##### #.†.).# #.....#
###.### #####.## #.'.'.#
#..# ###.#####
###########'## #


You could see a manticore.

Vanquished Creatures
  A two-headed ogre (D:8)
  A fire crab (D:8)
  A cyclops (D:7)
  An unseen horror zombie (D:10)
  A kobold demonologist (D:10)
  A wyvern (D:7)
  2 vampires (D:10)
  A wraith (D:9)
  9 yaks
  A steam dragon (D:9)
  An acid dragon (D:9)
  A water moccasin (D:5)
  2 orc warriors
  4 ice beasts
  2 ogres (D:5)
  4 centaurs
  A phantom (D:6)
  2 kobold brigands
  2 necrophages (D:10)
  A bullfrog (D:8)
  A scorpion (D:5)
  6 wights
  5 killer bees (D:9)
  6 howler monkeys
  4 centaur zombies
  2 human zombies
  7 hounds
  3 jellies
  4 orc priests
  6 iguanas
  6 orc wizards
  4 mummies
  7 adders
  A gnoll (D:1)
  A white imp (D:8)
  An ufetubus (D:4)
  2 adder zombies (Ossuary)
  2 worms (D:3)
  3 dart slugs
  22 orcs
  8 ball pythons
  9 bats
  9 endoplasms
  3 giant cockroaches
  4 goblins
  6 hobgoblins
  2 jackals (D:1)
  5 quokkas
  2 frilled lizards (D:1)
  4 goblin zombies (Ossuary)
  9 hobgoblin zombies (Ossuary)
  16 kobolds
  11 kobold zombies (Ossuary)
  6 orc zombies (Ossuary)
  3 rats
  2 rat zombies (Ossuary)
231 creatures vanquished.

Notes
Turn   | Place    | Note
-------+----------+-------------------------------------------
     0 | D:1      | Dirtsage the Troll Shapeshifter began the quest for the
                  | Orb.
     0 | D:1      | Reached XP level 1. HP: 18/18 MP: 0/0
    35 | D:1      | Reached skill level 1 in Fighting
   104 | D:1      | Found a faded altar of an unknown god.
   110 | D:1      | Reached XP level 2. HP: 27/27 MP: 1/1
   426 | D:1      | Reached XP level 3. HP: 33/33 MP: 2/2
   936 | D:2      | Reached XP level 4. HP: 40/42 MP: 3/3
  1116 | D:2      | Found Cofityga's Book Boutique.
  1325 | D:3      | Found a shimmering altar of Xom.
  1437 | D:3      | Found a radiant altar of Vehumet.
  1749 | D:4      | Reached skill level 4 in Unarmed Combat
  1749 | D:4      | Reached XP level 5. HP: 50/50 MP: 4/4
  1752 | D:4      | Identified the +0 pair of gloves of Hide-and-Seek {rElec
                  | rN+ Will- Str+3}
  1867 | D:4      | Noticed an ice beast
  1875 | D:4      | Killed an ice beast
  1876 | D:4      | Reached XP level 6. HP: 37/61 MP: 5/5
  2032 | D:4      | Identified the +0 robe of Qoefanta {rC+ rN+ Will+ Archmagi}
  2330 | D:4      | Reached skill level 5 in Unarmed Combat
  2370 | D:4      | Found a glowing golden altar of the Shining One.
  2611 | D:4      | Reached XP level 7. HP: 67/67 MP: 6/6
  2643 | D:5      | Entered Level 5 of the Dungeon
  2658 | D:5      | Reached skill level 5 in Shapeshifting
  2698 | D:5      | Found a sand-covered staircase.
  2703 | Ossuary  | Entered an ossuary
  2954 | D:5      | Found Dycwacre's Weapon Shop.
  3027 | D:5      | Reached skill level 6 in Unarmed Combat
  3091 | D:5      | Reached XP level 8. HP: 61/79 MP: 7/7
  3411 | D:6      | Found a broken altar of Ashenzari.
  3558 | D:6      | Reached skill level 5 in Fighting
  3657 | D:6      | Reached skill level 7 in Unarmed Combat
  4247 | D:6      | Found a glowing silver altar of Zin.
  4558 | D:7      | Found Jofem's Weapon Boutique.
  4618 | D:7      | Reached XP level 9. HP: 77/89 MP: 8/8
  4764 | D:7      | Noticed a cyclops
  4767 | D:7      | Killed a cyclops
  4846 | D:7      | Found Puecin's Antique Weapon Shoppe.
  5045 | D:7      | Found Sesem's Book Boutique.
  5049 | D:7      | Bought an Inescapable Atlas for 208 gold pieces
  5054 | D:7      | Learned a level 4 spell: Manifold Assault
  5319 | D:7      | Found a staircase to the Ecumenical Temple.
  5365 | D:7      | Found Kaan's Antique Weapon Shop.
  5572 | Temple   | Entered the Ecumenical Temple
  5579 | Temple   | Became a worshipper of Uskayaw the Reveller
  5642 | D:8      | Reached * piety under Uskayaw
  5645 | D:8      | Reached ** piety under Uskayaw
  5700 | D:8      | Reached skill level 8 in Unarmed Combat
  5702 | D:8      | Reached *** piety under Uskayaw
  5704 | D:8      | Reached skill level 1 in Translocations
  5716 | D:8      | Reached skill level 1 in Invocations
  5726 | D:8      | Reached **** piety under Uskayaw
  5729 | D:8      | Reached ***** piety under Uskayaw
  5971 | D:8      | Found Bairecu's Distillery.
  5979 | D:8      | Bought a potion of haste for 120 gold pieces
  5979 | D:8      | Bought a potion of heal wounds for 60 gold pieces
  6092 | D:8      | Found a staircase to the Lair.
  6092 | D:8      | Noticed a fire crab
  6114 | D:8      | Killed a fire crab
  6115 | D:8      | Reached XP level 10. HP: 84/100 MP: 9/11
  6158 | D:8      | Noticed a two-headed ogre
  6180 | D:8      | Killed a two-headed ogre
  6437 | D:9      | Found a runed translucent gate.
  6437 | D:9      | Noticed a glowing orange brain
  6438 | D:9      | Found a runed translucent gate.
  6438 | D:9      | Noticed a green ugly thing
  6438 | D:9      | Noticed a red ugly thing
  6438 | D:9      | Noticed a red ugly thing
  6470 | D:9      | Found a runed translucent gate.
  6473 | D:9      | Noticed a purple ugly thing
  6475 | D:9      | a slime creature changed into an ice dragon
  6475 | D:9      | Noticed an ice dragon (glowing shapeshifter)
  6738 | D:9      | Found a shadowy altar of Dithmenos.
  6847 | D:9      | HP: 4/102 [orc/+0 war axe (8)]
  6987 | D:9      | Reached skill level 9 in Unarmed Combat
  7179 | D:9      | Found a burning altar of Makhleb.
  7263 | D:9      | a swamp worm changed into a glowing shapeshifter
  7263 | D:9      | Noticed a glowing shapeshifter (glowing shapeshifter)
  7264 | D:9      | a glowing shapeshifter changed into a swamp dragon
  7264 | D:9      | Noticed a swamp dragon (glowing shapeshifter)
  7265 | D:9      | a swamp dragon changed into a two-headed ogre
  7265 | D:9      | Noticed a two-headed ogre (glowing shapeshifter)
  7266 | D:9      | a two-headed ogre changed into a manticore
  7266 | D:9      | Noticed a manticore (glowing shapeshifter)
  7290 | D:9      | Noticed a fire dragon
  7290 | D:9      | a fire dragon changed into an anaconda
  7290 | D:9      | Noticed an anaconda (glowing shapeshifter)
  7293 | D:9      | an anaconda changed into a fire dragon
  7293 | D:9      | Noticed a fire dragon (glowing shapeshifter)
  7298 | D:10     | Entered Level 10 of the Dungeon
  7410 | D:10     | Found a sparkling altar of Nemelex Xobeh.
  7739 | D:10     | Reached skill level 5 in Translocations
  7912 | D:10     | Found an ancient bone altar of Kikubaaqudgha.
  7932 | D:10     | Reached XP level 11. HP: 99/109 MP: 13/13
  8043 | D:10     | Slain by a manticore

Illustrated notes

Levels and vault maps discovered:
D:1:      dpeg_arrival_simpleton_c, layout_loops_cross,
          hellmonk_ecumenical_altar_blasted, nicolae_grassy_gnolls
D:2:      layout_rooms, serial_shops, nicolae_shop_rolling_square,
          kennysheep_generic_room_4
D:3:      layout_rooms, fiery_altar_vehumet, mainiacjoe_overflow_boulevard
D:4:      layout_basic, tso_metal_star
D:5:      layout_basic, serial_shops, shop_statue, nicolae_ossuary_entry_ruins
D:6:      layout_basic, zin_statuary, old_standard_altar
D:7:      layout_basic, minmay_temple_entry_poolview, serial_shops,
          nicolae_shop_waterfront, nicolae_shop_stone, shop, shop
D:8:      layout_loops_ring, minmay_lair_entry_lava, serial_shops, shop,
          kennysheep_path_1
D:9:      layout_long_grid, lightli_temple_of_fire,
          grunt_dithmenos_smoke_and_mirrors,
          ploomutoo_gammafunk_ghost_potion_laboratory, grunt_decor_resistance
D:10:     layout_roguey, nemelex_xobeh_ov_fountains_minmay,
          lemuel_mausoleum_altar_kikubaaqudgha
Temple:   cyrus_circular_temple

Skill      XL: |  1  2  3  4  5  6  7  8  9 10 |
---------------+-------------------------------+-----
Fighting       | 1 2 3 4 5 6 7 |  7.6
Unarmed Combat | 4 5 6 7 8 9 |  9.5
Shapeshifting  | 4 5 6 7 |  7.3
Translocations | 3 5 |  5.6
Invocations    | 2 4 |  4.6
Dodging        | |  1.5

Action                     |  1- 3 |  4- 6 |  7- 9 | 10-12 || total
---------------------------+-------+-------+-------+-------++-------
  Melee: Unarmed           |    85 |    83 |   215 |   154 ||   537
         Punch             |     2 |     4 |    12 |     2 ||    20
  Throw: Dart              |       |       |       |     1 ||     1
 Invoke: Line Pass         |       |       |     1 |       ||     1
  Evoke: Wand              |       |       |       |     1 ||     1
    Use: Scroll            |       |       |     7 |       ||     7
         Potion            |       |       |       |     1 ||     1
   Stab: Sleeping          |     3 |     1 |       |       ||     4
         Paralysed         |       |       |     3 |     8 ||    11
 Armour: Animal skin       |    60 |    38 |       |       ||    98
         Robe              |       |     6 |   121 |   116 ||   243
  Dodge: Dodged            |    30 |    33 |    71 |    58 ||   192

Table legend: (Time is in decaauts)
 A = Elapsed time spent in this place.
 B = Non-inter-level travel time spent in this place.
 C = Inter-level travel time spent in this place.
 D = Time resting spent in this place.
 E = Time spent auto-exploring this place.
 F = Levels seen in this place.
 G = Mean time per level.
                   A        B        C        D        E       F      G
               +--------+--------+--------+--------+--------+-----+--------+
         Total |   7992 |   7665 |    327 |    236 |   6183 |  12 |  666.0 |
       Dungeon |   7762 |   7441 |    321 |    236 |   6074 |  10 |  776.2 |
        Temple |     14 |      8 |      6 |      0 |      0 |   1 |   14.0 |
       Ossuary |    214 |    214 |      0 |      0 |    109 |   1 |  214.0 |
               +--------+--------+--------+--------+--------+-----+--------+

Top non-repeatable levels by time:
     D:7: 1169 daAuts
     D:6: 1064 daAuts
     D:4: 898 daAuts
     D:9: 877 daAuts
     D:8: 807 daAuts
     D:1: 748 daAuts
    D:10: 726 daAuts
     D:2: 517 daAuts
     D:5: 488 daAuts
     D:3: 465 daAuts
 Ossuary: 214 daAuts
  Temple: 14 daAuts
